 Dungeon Crawl Stone Soup version 0.16.1-51-g6203257 (webtiles) character file.

602 poirepourri the Skirmisher (level 7, -16/63 HPs)
             Began as a Hill Orc Fighter on Aug 2, 2015.
             Demolished by an ogre
             ... wielding a +0 giant club
              (26 damage)
             ... on level 4 of the Dungeon.
             The game lasted 00:03:57 (2254 turns).

poirepourri the Skirmisher (Hill Orc Fighter)       Turns: 2254, Time: 00:03:57

Health: -16/63     AC:  7    Str: 21    XL:     7   Next: 41%
Magic:  7/7        EV:  8    Int:  8    God:
Gold:   154        SH:  9    Dex: 10    Spells: 0 memorised, 6 levels left

rFire  . . .     SeeInvis .     a - +1 war axe
rCold  . . .     Clarity  .     b - +0 scale mail
rNeg   . . .     SustAb   .     c - +0 shield
rPois  .         Gourm    .     (no helmet)
rElec  .         Spirit   .     (no cloak)
rCorr  .         Warding  .     (no gloves)
rMut   .         Stasis   .     (no boots)
MR     +....                    (no amulet)
Stlth  ..........               (no ring)
                                g - ring of protection from magic

@: very slightly contaminated, somewhat resistant to hostile enchantments,
extremely unstealthy
A: no striking features
a: no special abilities


You were on level 4 of the Dungeon.
You were not hungry.

You visited 1 branch of the dungeon, and saw 4 of its levels.

You collected 154 gold pieces.

Inventory:

Hand weapons
 a - a +1 war axe (weapon)
Armour
 b - a +0 scale mail (worn)
 c - a +0 shield (worn)
Jewellery
 g - a ring of protection from magic (left hand)
Scrolls
 d - a scroll of identify
Potions
 j - a potion of restore abilities
Comestibles
 i - a slice of pizza
 l - a bread ration
 n - 3 fruits


   Skills:
 * Level 6.1 Fighting
 + Level 4.9 Axes
 + Level 5.0 Armour
 + Level 2.1 Dodging
 + Level 0.1 Stealth
 + Level 4.9 Shields


You had 6 spell levels left.
You didn't know any spells.

Dungeon Overview and Level Annotations

Branches:
Dungeon (4/15)
 Temple: D:4-7

Altars:


Message History

The worker ant is moderately wounded.
You hit the goblin.
You kill the goblin!
You hit the goblin.
You kill the goblin!
The worker ant misses you. The ogre hits you with a giant club!!
* * * LOW HITPOINT WARNING * * *
You slash the ogre!
The ogre is heavily wounded.
You hit the worker ant.
The worker ant is heavily wounded.
The worker ant bites you but does no damage.
The ogre barely misses you. The worker ant closely misses you.
Unknown command.
You barely miss the ogre.
The ogre is heavily wounded.
You hit the worker ant but do no damage.
The worker ant is heavily wounded.
The worker ant closely misses you. The ogre hits you with a giant club!!
You die...

#..... ######......
##.......... .
##........#.# ..######
##...........###......##
........................
....?........########...
.........†.....###))().#.
.......O@)....)..()####..
........a...#..#.(####...
##............##..#.....
#.(........#.###.......
#..[.......#.###.#.....
#..........#.....#.####
.............###..#
........##... #.##
....##... ...


You could see an ogre and a worker ant.

Vanquished Creatures
  Pikel (D:4)
  A centaur zombie (D:4)
  A hound (D:4)
  Robin (D:4)
  An adder (D:4)
  A worm (D:3)
  An adder skeleton (D:4)
  2 oozes (D:1)
  10 bats
  2 giant cockroaches
  9 hobgoblins
  7 kobolds
  4 quokkas
  A giant gecko skeleton (D:4)
  A giant newt (D:3)
  19 goblins
  5 rats
67 creatures vanquished.

Vanquished Creatures (others)
  An iguana (D:4)
  2 orcs (D:4)
  A bat (D:4)
  2 giant geckos (D:4)
6 creatures vanquished.

Grand Total: 73 creatures vanquished

Notes
Turn   | Place    | Note
--------------------------------------------------------------
     0 | D:1      | poirepourri, the Hill Orc Fighter, began the quest for the Orb.
     0 | D:1      | Reached XP level 1. HP: 19/19 MP: 1/1
   158 | D:1      | Reached XP level 2. HP: 22/27 MP: 2/2
   876 | D:2      | Reached skill level 4 in Fighting
   974 | D:2      | Reached XP level 3. HP: 28/33 MP: 3/3
  1530 | D:4      | Reached XP level 4. HP: 28/41 MP: 4/4
  1744 | D:4      | Noticed a slave
  1744 | D:4      | Noticed a slave
  1746 | D:4      | Noticed Pikel
  1747 | D:4      | Noticed a slave
  1748 | D:4      | Noticed a slave
  1772 | D:4      | Killed Pikel
  1772 | D:4      | Reached skill level 5 in Fighting
  1772 | D:4      | Reached skill level 5 in Armour
  1772 | D:4      | Reached XP level 5. HP: 20/50 MP: 5/5
  1772 | D:4      | Reached XP level 6. HP: 22/57 MP: 6/6
  1772 | D:4      | Reached XP level 7. HP: 23/62 MP: 7/7
  2132 | D:4      | Reached skill level 6 in Fighting
  2184 | D:4      | Noticed Robin
  2211 | D:4      | Killed Robin
  2240 | D:4      | Noticed an ogre
  2254 | D:4      | Demolished by an ogre

Action                   |  1- 3 |  4- 6 |  7- 9 || total
-------------------------+-------+-------+-------++-------
Melee: War axe           |   144 |    19 |    52 ||   215
  Use: Potion            |     3 |     2 |     2 ||     7
       Scroll            |     3 |       |     1 ||     4
  Eat: Meat ration       |     1 |       |       ||     1
